Description

Demuslim defeats Serral with hellion, cyclone, viking, liberator.

Replay - demuLarva v IIIIIIIIIIII - Blueshift LE

Build Order

Get SALT Encoding   

  12  0:01  SCV  
  13  0:13  SCV  
  14  0:18  Supply Depot  
  14  0:25  SCV  
  15  0:39  SCV  
  15  0:41  Barracks  
  16  0:44  Refinery  
  16  0:52  SCV  
  17  1:04  SCV  
  18  1:16  SCV  
  19  1:28  Orbital Command  
  19  1:29  Reaper  
  20  1:40  Command Center  
  20  1:49  Supply Depot  
  20  1:54  SCV  
  21  2:01  Marine  
  21  2:06  SCV  
  23  2:12  Factory  
  23  2:18  SCV  
  23  2:20  Refinery  
  24  2:23  Barracks Reactor  
  26  2:56  Starport  
  26  2:57  Orbital Command  
  27  3:08  Hellion x2  
  27  3:09  Barracks Tech Lab  
  34  3:29  Supply Depot  
  34  3:30  Hellion x2  
  39  3:39  Banshee  
  39  3:40  Cloaking Field  
  45  3:51  Supply Depot  
  45  3:52  Hellion x2  
  51  4:03  Armory  
  52  4:15  Hellion x2  
  57  4:20  Supply Depot  
  58  4:25  Banshee  
  62  4:44  Hellion x2  
  74  5:14  Banshee  
  74  5:16  Terran Vehicle And Ship Armor Level 1  
  73  5:22  Command Center  
  69  5:46  Refinery x2  
  71  5:54  Barracks Tech Lab  
  77  5:57  Factory x2  
  77  5:58  Banshee  
  77  6:36  Orbital Command  
  77  6:37  Factory x2  
  77  6:45  Barracks Reactor  
  79  6:53  Orbital Command  
  79  6:55  Banshee  
  79  7:00  Mag-Field Accelerator  
  88  7:01  Factory Tech Lab  
  88  7:06  Infernal Pre-Igniter, Cyclone  
  87  7:21  Cyclone  
  92  7:23  Refinery x2  
  92  7:24  Factory Tech Lab  
  103  7:46  Command Center  
  103  7:47  Cyclone  
  103  7:49  Terran Vehicle And Ship Armor Level 2  
  108  7:57  Cyclone x2  
  121  8:06  Armory  
  126  8:20  Cyclone  
  133  8:30  Cyclone  
  133  8:33  Factory x2  
  140  8:38  Cyclone  
  147  8:53  Cyclone  
  147  8:55  Factory  
  152  8:57  Engineering Bay  
  146  9:03  Cyclone  
  156  9:19  Factory Reactor, Factory Tech Lab  
  160  9:30  Terran Vehicle Weapons Level 1  
  163  9:38  Command Center  
  177  9:50  Factory Tech Lab  
  180  9:56  Sensor Tower  
  187  10:01  Refinery x2  
  187  10:03  Planetary Fortress  
  170  11:21  Terran Vehicle And Ship Armor Level 3  
  185  11:45  Starport x2  
  192  12:02  Refinery x2, Fusion Core  
  192  12:03  Terran Vehicle Weapons Level 2  
  182  12:32  Planetary Fortress  
  182  12:37  Liberator  
  192  12:53  Starport Reactor x2  
  193  13:18  Liberator x4  
  198  13:47  Advanced Ballistics  
  198  13:48  Command Center x2  
  200  13:58  Liberator x2  
  191  14:09  Liberator  
  186  14:16  Terran Ship Weapons Level 1  
  184  14:28  Terran Vehicle Weapons Level 3  
  199  14:48  Liberator x2  
  199  14:55  Command Center  
  200  15:38  Orbital Command x2  
  199  16:34  Starport x2  
  175  16:51  Terran Ship Weapons Level 2  
  194  17:12  Viking  
  199  17:29  Missile Turret  
  199  17:34  Planetary Fortress  
  187  17:51  Viking x6  
  197  18:22  Viking  
  197  18:51  Starport Reactor x2  
  197  19:16  Viking  
  179  19:21  Viking  
  167  19:57  Terran Ship Weapons Level 3  
  197  20:06  Command Center  
  191  20:31  Missile Turret x5  
  191  20:35  Neosteel Armor  
  189  20:51  Missile Turret  
  189  20:58  Missile Turret  
  176  21:47  Missile Turret x2  
  183  22:03  Planetary Fortress  
  187  22:15  Hi-Sec Auto Tracking  
  184  22:30  Raven  
  192  22:52  Command Center  
  191  23:13  Raven  
  107  24:03  Orbital Command  
Spawning Tool Build Advisor. Get it on Overwolf

Go to:

Details

  • Created by: pradu
  • Published on: Jan 27, 2019
  • Modified on: Jan 27, 2019
  • Patch: 4.7.1
Show
View Real Time Build Order
Export as new Build Order

Comments (0)

There are no comments. Be the first!

Create an account to comment!